[Event "Titled Tuesday Blitz August 31 2021"]
[White "Przybylski, Wojciech"]
[Black "FGHSMN"]
[WhiteFideId "1117599"]
[WhiteElo "2250"]
[BlackElo "2672"]
[Result "1-0"]
[Round "08"]
[TimeControl "180+1"]
[Date "2021.08.31"]
[WhiteClock "0:00:07"]
[BlackClock "0:00:29"]

1. e4 c5 2. Nf3 e6 3. b3 b6 4. Bb2 Bb7 5. Nc3 Nc6 6. Bb5 Nf6 7. O-O a6 8. Bxc6 Bxc6 9. Re1 Be7 10. d3 O-O 11. Ne2 d5 12. e5 Nd7 13. Ng3 Re8 14. Qe2 d4 15. Bc1 Qc7 16. Bf4 Nf8 17. Ne4 Ng6 18. Bg3 b5 19. h4 h6 20. h5 Nf8 21. Nh2 Bd5 22. Ng4 Qc6 23. f3 Nh7 24. Bf4 c4 25. Qf2 cxd3 26. cxd3 Bxe4 27. fxe4 Bg5 28. Bg3 Qc3 29. Rad1 Rac8 30. Kh2 Qc2 31. Qxd4 Red8 32. Qf2 Qxf2 33. Nxf2 Rc2 34. a4 b4 35. d4 Rc3 36. d5 Rxb3 37. d6 Rc3 38. Rd4 b3 39. Rb4 f5 40. exf5 exf5 41. e6 f4 42. Rxf4 Bxf4 43. Bxf4 Nf6 44. Ne4 Nxe4 45. Rxe4 b2 46. e7 Re8 47. d7 Rcc8 48. dxc8=Q Rxc8 49. e8=Q+ Rxe8 50. Rxe8+ Kf7 51. Rb8 Ke6 52. Rxb2 Kf5 53. Bg3 Ke4 54. Rb6 Kd3 55. Rxa6 Kc3 56. Rg6 Kb4 57. Rxg7 Kxa4 58. Rg6 Kb5 59. Rxh6 Kc4 60. Rg6 Kd5 61. Rg4 Ke6 62. Rf4 Ke5 63. h6 Ke6 64. h7 Kd5 65. h8=Q Kc5 66. Qe5+ Kc6 67. Rf6+ Kd7 68. Qe6+ Kd8 69. Rf8# 1-0


[Site "https://www.chess.com"]

[Event "Titled Tuesday Blitz August 31 2021"]
[White "Quirke, Jeffrey"]
[Black "Potapova, Margarita"]
[WhiteFideId "2013029"]
[BlackFideId "14126869"]
[WhiteElo "2325"]
[BlackElo "2214"]
[Result "0-1"]
[Round "08"]
[TimeControl "180+1"]
[Date "2021.08.31"]
[WhiteClock "0:01:10"]
[BlackClock "0:00:44"]

1. d4 Nf6 2. c4 c5 3. d5 b5 4. cxb5 a6 5. e3 g6 6. Nc3 Bg7 7. a4 axb5 8. Bxb5 O-O 9. Nf3 d6 10. O-O Na6 11. e4 Nb4 12. Bg5 h6 13. Bh4 g5 14. Bg3 Nh5 15. Qd2 f5 16. exf5 Bxf5 17. h4 g4 18. Nh2 Nc2 19. Nxg4 Nxa1 20. Nxh6+ Kh8 21. Nxf5 Rxf5 22. Rxa1 Qf8 23. Re1 Bd4 24. Ne4 Nxg3 25. Nxg3 Rxf2 0-1


[Site "https://www.chess.com"]

[Event "Titled Tuesday Blitz August 31 2021"]
[White "Rakhmanov, Aleksandr"]
[Black "Iskusnyh, Sergei"]
[WhiteFideId "4173708"]
[BlackFideId "4120027"]
[WhiteElo "2498"]
[BlackElo "2492"]
[Result "1-0"]
[Round "08"]
[TimeControl "180+1"]
[Date "2021.08.31"]
[WhiteClock "0:00:53"]
[BlackClock "0:00:03"]

1. c4 c5 2. d4 cxd4 3. Nf3 Nc6 4. Nxd4 g6 5. Nxc6 bxc6 6. h4 Nf6 7. Nc3 Bg7 8. e4 Rb8 9. Be2 Qa5 10. Kf1 h5 11. Qc2 Qb4 12. Rb1 Ng4 13. Bd2 Qc5 14. Nd1 d6 15. b4 Qb6 16. f3 Ne5 17. Be3 Qc7 18. Nf2 a5 19. a3 axb4 20. axb4 O-O 21. f4 Nd7 22. g4 hxg4 23. h5 Nf6 24. h6 Bh8 25. h7+ Nxh7 26. Nxg4 Bxg4 27. Bxg4 Bg7 28. Qh2 Nf6 29. e5 dxe5 30. fxe5 Rfd8 31. exf6 Qxh2 32. Rxh2 Bxf6 33. Rd2 Rxd2 34. Bxd2 Rd8 35. Be3 Rd3 36. Ke2 Rc3 37. c5 Rc4 38. Bd7 Bc3 39. Rc1 1-0


[Site "https://www.chess.com"]

[Event "Titled Tuesday Blitz August 31 2021"]
[White "Real De Azua, Ernesto"]
[Black "Pacheco Lugo, Alejandro Jose"]
[WhiteFideId "108154"]
[BlackFideId "3903745"]
[WhiteElo "2476"]
[BlackElo "2125"]
[Result "1-0"]
[Round "08"]
[TimeControl "180+1"]
[Date "2021.08.31"]
[WhiteClock "0:00:09"]
[BlackClock "0:00:07"]

1. d4 Nf6 2. Nf3 d5 3. Bf4 c5 4. e3 Nc6 5. Nbd2 e6 6. c3 Bd6 7. Bb5 O-O 8. Bxc6 bxc6 9. Bxd6 Qxd6 10. Qa4 cxd4 11. cxd4 Rb8 12. Nb3 Ne4 13. Rc1 Bd7 14. Ne5 Be8 15. Qa3 f6 16. Qxd6 Nxd6 17. Nxc6 Rb6 18. Nca5 Bb5 19. Rc7 Nc4 20. Rxa7 Nxb2 21. Kd2 Rc8 22. Nc5 e5 23. Rb1 exd4 24. exd4 Nc4+ 25. Nxc4 dxc4 26. a4 c3+ 27. Kxc3 Ra6 28. Rxa6 Bxa6 29. Rb6 Bf1 30. g3 h5 31. h4 Re8 32. a5 Re2 33. a6 Rxf2 34. a7 Ra2 35. Rb8+ Kh7 36. a8=Q 1-0


[Site "https://www.chess.com"]

[Event "Titled Tuesday Blitz August 31 2021"]
[White "Reprintsev, Alexander"]
[Black "Gabrielian, Artur"]
[WhiteFideId "14100541"]
[BlackFideId "4131002"]
[WhiteElo "2126"]
[BlackElo "2513"]
[Result "0-1"]
[Round "08"]
[TimeControl "180+1"]
[Date "2021.08.31"]
[WhiteClock "0:00:47"]
[BlackClock "0:01:52"]

1. e4 e5 2. f4 d5 3. exd5 exf4 4. Nf3 Nf6 5. Bb5+ c6 6. dxc6 bxc6 7. Bc4 Bd6 8. Qe2+ Kf8 9. d4 Nbd7 10. O-O Nb6 11. Bb3 h6 12. c4 Bc7 13. Nc3 g5 14. c5 Nbd5 15. Nxd5 Nxd5 16. Ne5 Qf6 17. Bxd5 cxd5 18. Bd2 Kg7 19. b4 Re8 20. Bc3 Qf5 21. a4 f6 22. Rae1 fxe5 23. dxe5 Be6 24. b5 d4 25. Bxd4 Rad8 26. Ba1 Qd3 27. Qb2 Qb3 28. Qxb3 Bxb3 29. e6+ Kg6 30. e7 Rd7 31. b6 axb6 32. Re6+ Bxe6 0-1


[Site "https://www.chess.com"]

[Event "Titled Tuesday Blitz August 31 2021"]
[White "Rustemov, Alexander"]
[Black "Viani Antonio Dcunha"]
[WhiteFideId "4119002"]
[BlackFideId "5027330"]
[WhiteElo "2754"]
[BlackElo "2642"]
[Result "1-0"]
[Round "08"]
[TimeControl "180+1"]
[Date "2021.08.31"]
[WhiteClock "0:00:24"]
[BlackClock "0:00:04"]

1. d4 Nf6 2. c4 g6 3. Nf3 Bg7 4. g3 O-O 5. Bg2 d6 6. Nc3 Nbd7 7. d5 a5 8. Be3 e5 9. dxe6 fxe6 10. O-O Ng4 11. Bg5 Bf6 12. Bxf6 Ngxf6 13. b3 Nc5 14. a3 Qe7 15. b4 axb4 16. axb4 Rxa1 17. Qxa1 Na6 18. Qb2 e5 19. Nd2 c6 20. b5 cxb5 21. Qxb5 Nc5 22. Qb6 Be6 23. Nb5 d5 24. cxd5 Nxd5 25. Qd6 Qxd6 26. Nxd6 Nc3 27. Nxb7 Nxe2+ 28. Kh1 Nxb7 29. Bxb7 Rd8 30. Nf3 Rb8 31. Ba6 Nd4 32. Nxe5 Bd5+ 33. Kg1 Rb6 34. Bc4 Nf3+ 35. Nxf3 Bxc4 36. Re1 Rf6 37. Ne5 Be6 38. Kg2 Kg7 39. h3 Bd5+ 40. f3 Bb7 41. g4 g5 42. Kg3 Bd5 43. Rd1 Bf7 44. Rd7 Kg8 45. h4 gxh4+ 46. Kxh4 Be6 47. Re7 h6 48. f4 Bd5 49. f5 Bf7 50. Rxf7 Rxf7 51. Nxf7 Kxf7 52. Kh5 Kg7 53. f6+ 1-0


[Site "https://www.chess.com"]

[Event "Titled Tuesday Blitz August 31 2021"]
[White "Sadhwani, Raunak"]
[Black "Quintiliano Pinto, Renato R."]
[WhiteFideId "35093487"]
[BlackFideId "2117568"]
[WhiteElo "2958"]
[BlackElo "2652"]
[Result "0-1"]
[Round "08"]
[TimeControl "180+1"]
[Date "2021.08.31"]
[WhiteClock "0:00:02"]
[BlackClock "0:00:16"]

1. b3 e5 2. Bb2 Nc6 3. e3 Nf6 4. Nf3 e4 5. Nd4 Nxd4 6. Bxd4 Be7 7. c4 O-O 8. Nc3 c5 9. Bxf6 Bxf6 10. Rc1 Bxc3 11. dxc3 Re8 12. Be2 d6 13. O-O Qf6 14. Qd2 Bf5 15. Rfd1 Rad8 16. b4 b6 17. a4 Qg6 18. a5 h5 19. axb6 axb6 20. Ra1 Bc8 21. h4 Qf6 22. g3 g6 23. Ra7 Be6 24. Rb7 d5 25. Rxb6 dxc4 26. Qe1 cxb4 27. Rxb4 Rd3 28. Rb6 Qe5 29. Bxd3 exd3 30. f3 Qc5 31. Rb2 Bd5 32. Kf2 Re6 33. Rdb1 Rf6 34. f4 Qe7 35. e4 Bxe4 36. Rb8+ Kg7 37. R1b7 Qc5+ 38. Qe3 Qxe3+ 39. Kxe3 Bxb7 40. Rxb7 Re6+ 41. Kf3 Rd6 42. Rb1 Kf6 43. Ke3 Kf5 44. Rb5+ Kg4 45. Rg5+ Kh3 46. Kd2 f5 47. Kd1 Re6 48. Kd2 Kg2 49. Kd1 Kf3 50. Kd2 Ra6 0-1


[Site "https://www.chess.com"]

[Event "Titled Tuesday Blitz August 31 2021"]
[White "Sadovsky, Artem"]
[Black "Urazayev, Arystanbek"]
[WhiteFideId "4155840"]
[BlackFideId "13709810"]
[WhiteElo "2442"]
[BlackElo "2321"]
[Result "1-0"]
[Round "08"]
[TimeControl "180+1"]
[Date "2021.08.31"]
[WhiteClock "0:00:16"]
[BlackClock "0:00:25"]

1. Nf3 b6 2. g3 Bb7 3. Bg2 e6 4. O-O Nf6 5. c4 c5 6. b3 Be7 7. Bb2 O-O 8. d4 Ne4 9. d5 Bf6 10. Ne5 exd5 11. cxd5 Re8 12. Bxe4 Bxe5 13. Bxe5 Rxe5 14. Nc3 d6 15. Bg2 Nd7 16. a4 Nf6 17. e4 Re7 18. Re1 Nd7 19. f4 a6 20. e5 Qc7 21. Ne4 Nxe5 22. fxe5 Rxe5 23. Nc3 Rae8 24. Qd2 c4 25. b4 a5 26. Nb5 Qe7 27. Rxe5 Qxe5 28. Rf1 Ba6 29. bxa5 bxa5 30. Qxa5 Bb7 31. Qc7 Bxd5 32. Bxd5 Qxd5 33. Qxd6 Qa8 34. Nc3 Qa7+ 35. Kh1 h5 36. Qd5 h4 37. Qxc4 hxg3 38. hxg3 Re6 39. Kg2 Qb7+ 40. Rf3 Qb2+ 41. Rf2 Qb7+ 42. Qd5 Qb8 43. a5 Qc7 44. a6 Rxa6 45. Ne4 Rg6 46. Ng5 Rf6 47. Qa8+ 1-0


[Site "https://www.chess.com"]

[Event "Titled Tuesday Blitz August 31 2021"]
[White "Samsonkin, Artiom"]
[Black "Jobava, Baadur"]
[WhiteFideId "13503111"]
[BlackFideId "13601520"]
[WhiteElo "2513"]
[BlackElo "2748"]
[Result "0-1"]
[Round "08"]
[TimeControl "180+1"]
[Date "2021.08.31"]
[WhiteClock "0:00:02"]
[BlackClock "0:01:36"]

1. e4 c6 2. d4 d5 3. e5 Bf5 4. h4 Qc8 5. Nc3 h6 6. h5 e6 7. Bd3 Ne7 8. Nge2 Nd7 9. Bxf5 Nxf5 10. g4 Ne7 11. Be3 c5 12. f4 Nc6 13. Qd2 a6 14. dxc5 Bxc5 15. Bxc5 Nxc5 16. O-O-O Qc7 17. Kb1 O-O-O 18. Qe3 Nd7 19. Nd4 Kb8 20. Nxc6+ Qxc6 21. Ne2 Rc8 22. Nd4 Qb6 23. f5 Nc5 24. fxe6 fxe6 25. Nb3 Rhf8 26. Rhf1 Rxf1 27. Rxf1 Qb5 28. Rc1 Ne4 29. Nd4 Qb6 30. c4 Ng5 31. cxd5 Rxc1+ 32. Kxc1 Qc5+ 33. Kb1 Qxd5 34. a3 Kc8 35. Qf4 Kd7 36. Ne2 Qd3+ 0-1


[Site "https://www.chess.com"]

[Event "Titled Tuesday Blitz August 31 2021"]
[White "Sargsyan, Anna M."]
[Black "Prydun, Andriy"]
[WhiteFideId "13308130"]
[BlackFideId "14145898"]
[WhiteElo "2263"]
[BlackElo "2047"]
[Result "1-0"]
[Round "08"]
[TimeControl "180+1"]
[Date "2021.08.31"]
[WhiteClock "0:01:17"]
[BlackClock "0:00:14"]

1. d4 d5 2. c4 c6 3. Nf3 Nf6 4. cxd5 cxd5 5. Nc3 Nc6 6. Bf4 Bf5 7. e3 e6 8. Bb5 Bd6 9. Ne5 Bxe5 10. Bxe5 O-O 11. Bxc6 bxc6 12. O-O Ne4 13. Na4 f6 14. Bg3 Qe7 15. Rc1 Rfc8 16. Nc5 Nxc5 17. Rxc5 Qb7 18. Qd2 a5 19. Rfc1 a4 20. Qc3 Ra6 21. f3 Rb6 22. Qe1 Rxb2 23. e4 dxe4 24. fxe4 Bg6 25. d5 exd5 26. exd5 Re8 27. Qd1 cxd5 28. Rc7 Qa8 29. Qd4 Rxa2 30. Qg4 d4 31. Bf2 d3 32. Qd7 Re1+ 33. Rxe1 1-0


[Site "https://www.chess.com"]

[Event "Titled Tuesday Blitz August 31 2021"]
[White "Sengupta, Deep"]
[Black "Hoffmann, Asa"]
[WhiteFideId "5008352"]
[BlackFideId "2001470"]
[WhiteElo "2347"]
[BlackElo "2117"]
[Result "1-0"]
[Round "08"]
[TimeControl "180+1"]
[Date "2021.08.31"]
[WhiteClock "0:00:11"]
[BlackClock "0:00:05"]

1. e4 d6 2. d4 Nf6 3. Nc3 c6 4. f3 Nbd7 5. Nge2 e5 6. Be3 Be7 7. Qd2 Qc7 8. g4 b5 9. a3 Nb6 10. g5 Nc4 11. Qc1 Nh5 12. Ng3 Nxe3 13. Qxe3 Nf4 14. h4 Qb6 15. O-O-O a5 16. Nce2 Nxe2+ 17. Bxe2 a4 18. c3 Be6 19. Nf5 Bxf5 20. exf5 f6 21. Rhe1 O-O 22. Bd3 Rae8 23. g6 h6 24. d5 c5 25. f4 Rb8 26. Re2 Rfc8 27. Kb1 Qa5 28. Rc1 b4 29. cxb4 cxb4 30. axb4 Qxb4 31. Rxc8+ Rxc8 32. Rc2 Rb8 33. Qe4 Qxe4 34. Bxe4 exf4 35. Ka2 Bd8 36. Rc4 Ra8 37. Bc2 Bb6 38. Rxf4 Bc5 39. Bxa4 Be3 40. Re4 Bf2 41. h5 Bc5 42. Kb1 Kf8 43. Bc6 Rb8 44. Kc2 Bf2 45. b4 Bg3 46. b5 Be5 47. Ra4 Ke7 48. Ra7+ Kd8 49. Rxg7 Rb6 50. Rd7+ Kc8 51. g7 1-0


[Site "https://www.chess.com"]

[Event "Titled Tuesday Blitz August 31 2021"]
[White "Siva Mahadevan"]
[Black "Jakubowski, Krzysztof"]
[WhiteFideId "25043153"]
[BlackFideId "1112848"]
[WhiteElo "2203"]
[BlackElo "2414"]
[Result "1-0"]
[Round "08"]
[TimeControl "180+1"]
[Date "2021.08.31"]
[WhiteClock "0:01:03"]
[BlackClock "0:00:02"]

1. e4 c5 2. Nf3 e6 3. d4 cxd4 4. Nxd4 Nc6 5. Nc3 Qc7 6. Be2 a6 7. O-O Nf6 8. Be3 Be7 9. f4 d6 10. Kh1 O-O 11. Qe1 Bd7 12. Qg3 b5 13. Nxc6 Bxc6 14. a3 Rad8 15. Bd3 Qb7 16. Bd4 g6 17. Rae1 Nh5 18. Qe3 Nxf4 19. Qxf4 e5 20. Bxe5 dxe5 21. Qxe5 b4 22. axb4 Bxb4 23. Re3 Bd6 24. Qf6 Be7 25. Qf4 Qxb2 26. Nd5 Bxd5 27. exd5 Bd6 28. Qh4 a5 29. Rh3 Qg7 30. Qa4 Bb4 31. c4 Qd4 32. Rhf3 Rd6 33. Qc2 Rb6 34. Rf4 Qe5 35. c5 Rbb8 36. Qc4 Rbc8 37. c6 Bd6 38. g3 Qe7 39. Re4 Qg5 40. Rfe1 h5 41. Qc1 Qd8 42. Qh6 Qf6 43. Rf1 Qc3 44. Bb1 Qg7 45. Qd2 Ra8 46. Ra4 1-0


[Site "https://www.chess.com"]

[Event "Titled Tuesday Blitz August 31 2021"]
[White "Sjugirov, Sanan"]
[Black "Mokshanov, Alexey"]
[WhiteFideId "4189302"]
[BlackFideId "24121657"]
[WhiteElo "2472"]
[BlackElo "2262"]
[Result "1-0"]
[Round "08"]
[TimeControl "180+1"]
[Date "2021.08.31"]
[WhiteClock "0:01:44"]
[BlackClock "0:00:24"]

1. d4 d5 2. Bf4 Nf6 3. e3 c5 4. Nf3 cxd4 5. exd4 a6 6. Nbd2 Nc6 7. c3 Bf5 8. Qb3 Na5 9. Qa4+ b5 10. Qd1 e6 11. Be2 Be7 12. Ne5 Nd7 13. b4 Nxe5 14. Bxe5 Nc6 15. Bg3 O-O 16. a4 Na7 17. O-O Qd7 18. Nb3 bxa4 19. Nc5 Bxc5 20. dxc5 Nb5 21. Qxa4 e5 22. Bxb5 Qxb5 23. Qxb5 axb5 24. Bxe5 f6 25. Bd6 Rfc8 26. Ra5 Kf7 27. Rxb5 1-0


[Site "https://www.chess.com"]

[Event "Titled Tuesday Blitz August 31 2021"]
[White "Skatchkov, Valery"]
[Black "Serikbay, Assel"]
[WhiteFideId "24195812"]
[BlackFideId "13706799"]
[WhiteElo "2199"]
[BlackElo "2044"]
[Result "1-0"]
[Round "08"]
[TimeControl "180+1"]
[Date "2021.08.31"]
[WhiteClock "0:02:06"]
[BlackClock "0:01:24"]

1. d4 d5 2. c4 c6 3. cxd5 cxd5 4. Nf3 Nf6 5. Nc3 a6 6. Bf4 Nc6 7. e3 g6 8. Be2 Bg7 9. h4 O-O 10. Ne5 Ne4 11. Nxc6 bxc6 12. Nxe4 dxe4 13. h5 Qa5+ 14. Qd2 Qxd2+ 15. Kxd2 e5 16. Bxe5 Bxe5 17. dxe5 Re8 18. hxg6 fxg6 19. Rac1 Bd7 20. Rc5 Rab8 21. Kc3 Rb6 22. Rd1 Be6 23. b3 Kf7 24. Rd6 Rc8 25. Rxe6 1-0


[Site "https://www.chess.com"]

[Event "Titled Tuesday Blitz August 31 2021"]
[White "Skliarov, Viktor"]
[Black "Baskin, Robert"]
[WhiteFideId "14106736"]
[BlackFideId "24662402"]
[WhiteElo "2281"]
[BlackElo "2462"]
[Result "0-1"]
[Round "08"]
[TimeControl "180+1"]
[Date "2021.08.31"]
[WhiteClock "0:00:05"]
[BlackClock "0:00:12"]

1. e4 e6 2. d4 d5 3. e5 c5 4. c3 Nc6 5. Nf3 Qb6 6. a3 Nh6 7. b4 cxd4 8. Bxh6 gxh6 9. cxd4 Bd7 10. Be2 Rg8 11. O-O Rg4 12. h3 Rf4 13. g3 Rxf3 14. Bxf3 Qxd4 15. Qxd4 Nxd4 16. Bh5 a5 17. Nc3 Rc8 18. Ne2 Nc6 19. b5 Nxe5 20. a4 Bb4 21. Rfc1 Nc4 22. f4 Ke7 23. Kg2 f6 24. Rab1 Bd2 25. Rg1 e5 26. Bg4 Ne3+ 27. Kf3 e4+ 28. Kf2 Bxg4 29. hxg4 Nxg4+ 30. Kg2 Rc2 31. Nd4 Ra2 32. Kh3 h5 33. Rg2 e3 34. Rd1 Rxa4 35. Rgxd2 exd2 36. Rxd2 Rb4 37. Kh4 Ne3 38. Kxh5 Nc4 39. Re2+ Kd6 40. Nf5+ Kc5 41. Re7 d4 42. Rxb7 d3 43. Rc7+ Kxb5 44. Rd7 d2 45. Kh6 Rb1 46. Kxh7 d1=Q 47. Rxd1 Rxd1 48. g4 a4 49. g5 fxg5 50. fxg5 a3 51. g6 Rg1 52. g7 Rxg7+ 53. Kxg7 a2 54. Nd4+ Kb4 55. Nc2+ Kc3 56. Na1 Kb2 0-1


[Site "https://www.chess.com"]

[Event "Titled Tuesday Blitz August 31 2021"]
[White "Sokolin, Leonid"]
[Black "Aditya Mittal"]
[WhiteFideId "2009161"]
[BlackFideId "35042025"]
[WhiteElo "2394"]
[BlackElo "2171"]
[Result "0-1"]
[Round "08"]
[TimeControl "180+1"]
[Date "2021.08.31"]
[WhiteClock "0:01:14"]
[BlackClock "0:02:27"]

1. e4 c5 2. Nf3 d6 3. Bb5+ Nd7 4. a4 a6 5. Be2 Ngf6 6. Nc3 g6 7. O-O Bg7 8. a5 O-O 9. Re1 e5 10. d3 h6 11. Nd2 Nb8 12. Nc4 Nc6 13. f4 Be6 14. Nb6 Rb8 15. Rf1 Nxa5 16. Nbd5 Nxd5 17. exd5 Bd7 18. fxe5 dxe5 19. Be3 b6 20. Qd2 Kh7 21. Rf3 f5 22. g3 Ra8 23. Rf2 Nb7 24. Bf3 Nd6 25. Bg2 g5 26. Re2 f4 27. Bf2 f3 0-1


[Site "https://www.chess.com"]

[Event "Titled Tuesday Blitz August 31 2021"]
[White "Solon, Nathan"]
[Black "Petriashvili, Nikoloz"]
[WhiteFideId "2017229"]
[BlackFideId "13611216"]
[WhiteElo "2658"]
[BlackElo "2430"]
[Result "0-1"]
[Round "08"]
[TimeControl "180+1"]
[Date "2021.08.31"]
[WhiteClock "0:00:10"]
[BlackClock "0:00:17"]

1. d4 Nf6 2. c4 g6 3. g3 c6 4. Bg2 d5 5. Nf3 Bg7 6. O-O dxc4 7. a4 O-O 8. Na3 Be6 9. Ng5 Bd5 10. e4 h6 11. exd5 hxg5 12. dxc6 Nxc6 13. Nxc4 Qxd4 14. Qxd4 Nxd4 15. Bxg5 Rac8 16. Nd2 Rc2 17. Bxb7 Rb8 18. Bg2 Rbxb2 19. Ne4 Ng4 20. Rab1 f5 21. Rxb2 Rxb2 22. Nc5 Ne2+ 23. Kh1 Bd4 24. Nd3 Rc2 25. h3 Nf6 26. Rb1 Nc3 27. Rb7 Kf7 28. f4 Nce4 29. Bxe4 fxe4 30. Ne5+ Bxe5 31. fxe5 Nd5 32. Rb3 Ke6 33. Bf4 Kf5 34. Be3 Nxe3 35. Rxe3 Kxe5 0-1


[Site "https://www.chess.com"]

[Event "Titled Tuesday Blitz August 31 2021"]
[White "Stribuk, Artiom"]
[Black "Zemach, Roee"]
[WhiteFideId "13515659"]
[BlackFideId "2818531"]
[WhiteElo "2224"]
[BlackElo "2131"]
[Result "1-0"]
[Round "08"]
[TimeControl "180+1"]
[Date "2021.08.31"]
[WhiteClock "0:00:35"]
[BlackClock "0:01:00"]

1. d4 Nf6 2. c4 e6 3. g3 c5 4. d5 exd5 5. cxd5 d6 6. Nc3 g6 7. Nf3 Bg7 8. Bg2 O-O 9. O-O Re8 10. Nd2 a6 11. a4 Nbd7 12. Nc4 Ne5 13. Na3 Bd7 14. h3 b5 15. f4 Nh5 16. fxe5 Nxg3 17. e6 Nxf1 18. exd7 Qxd7 19. Qxf1 b4 20. Nc4 bxc3 21. bxc3 Rab8 22. Bf4 Bxc3 23. Rc1 Bg7 24. Nxd6 Red8 25. Nc4 Rb4 26. a5 f5 27. d6 Kh8 28. Qf3 Qe6 29. Qd5 Qxe2 30. Ne5 Rd4 31. Nf7+ Kg8 32. Nh6+ Kh8 33. Qg8+ Rxg8 34. Nf7# 1-0


[Site "https://www.chess.com"]

[Event "Titled Tuesday Blitz August 31 2021"]
[White "Timmermans, Mark"]
[Black "Khoroshev, Nikita"]
[WhiteFideId "1026399"]
[BlackFideId "14200287"]
[WhiteElo "2726"]
[BlackElo "2631"]
[Result "1-0"]
[Round "08"]
[TimeControl "180+1"]
[Date "2021.08.31"]
[WhiteClock "0:00:45"]
[BlackClock "0:00:03"]

1. b4 b6 2. Bb2 Bb7 3. b5 a6 4. a4 Nf6 5. e3 e6 6. Nf3 Be7 7. Be2 O-O 8. O-O c6 9. c4 d5 10. d4 dxc4 11. Bxc4 axb5 12. axb5 Rxa1 13. Bxa1 Nbd7 14. Nbd2 Qa8 15. Bb2 Rc8 16. Qb3 c5 17. Bxe6 fxe6 18. Qxe6+ Kf8 19. e4 Bxe4 20. Re1 Qd5 21. Rxe4 Qxe6 22. Rxe6 cxd4 23. Nxd4 Kf7 24. Rc6 Ra8 25. Nc4 Ra2 26. h3 Nd5 27. Nf5 Bc5 28. Bd4 Rc2 29. Bxc5 bxc5 30. b6 g6 31. Nfd6+ Ke7 32. b7 Rc1+ 33. Kh2 Rb1 34. Nc8+ Kd8 35. N8b6 N5xb6 36. Nxb6 Nb8 37. Rc8+ Ke7 38. Nd5+ Kd6 39. Rxb8 Kxd5 40. Rd8+ Kc6 41. b8=Q 1-0


[Site "https://www.chess.com"]

[Event "Titled Tuesday Blitz August 31 2021"]
[White "Todorovic, Bojan"]
[Black "Lisik, Valery"]
[WhiteFideId "917087"]
[BlackFideId "4101596"]
[WhiteElo "2266"]
[BlackElo "2558"]
[Result "0-1"]
[Round "08"]
[TimeControl "180+1"]
[Date "2021.08.31"]
[WhiteClock "0:00:07"]
[BlackClock "0:00:04"]

1. Nf3 d5 2. g3 c6 3. Bg2 Bf5 4. O-O e6 5. b3 Be7 6. Bb2 Bf6 7. Ne5 Nd7 8. f4 h6 9. d3 Qc7 10. e4 Bh7 11. exd5 cxd5 12. Qe2 Ne7 13. c4 dxc4 14. bxc4 O-O 15. Na3 Nc6 16. Nb5 Qb6+ 17. Kh1 Bxe5 18. Bxe5 Ndxe5 19. fxe5 Rad8 20. Nd6 Nxe5 21. Nxb7 Nxd3 22. Nxd8 Rxd8 23. Rab1 Qd4 24. Rb7 Ne5 25. Qf2 Qxc4 26. Rxa7 Bg6 27. h3 Qc3 28. Ra8 Rxa8 29. Bxa8 Nd3 30. Qe3 Qa5 31. Be4 Qe5 0-1


[Site "https://www.chess.com"]

[Event "Titled Tuesday Blitz August 31 2021"]
[White "Tokhirjonova, Gulrukhbegim"]
[Black "Starozhilov, Leonid"]
[WhiteFideId "14203626"]
[BlackFideId "14106752"]
[WhiteElo "2236"]
[BlackElo "2414"]
[Result "0-1"]
[Round "08"]
[TimeControl "180+1"]
[Date "2021.08.31"]
[WhiteClock "0:00:22"]
[BlackClock "0:00:10"]

1. Nf3 Nf6 2. g3 g6 3. Bg2 Bg7 4. O-O O-O 5. d4 d6 6. c4 c6 7. Nc3 Bf5 8. Bg5 Ne4 9. Nxe4 Bxe4 10. Qb3 Qc7 11. Rac1 Na6 12. Rfd1 h6 13. Be3 c5 14. h4 Qb6 15. Qa3 Rfc8 16. b3 Nb4 17. Qb2 Nc6 18. Qd2 cxd4 19. Bxh6 e5 20. Bxg7 Kxg7 21. h5 Rh8 22. hxg6 Bxg6 23. Qg5 Qd8 24. c5 Qxg5 25. Nxg5 Rad8 26. a3 d5 27. b4 a6 28. e3 Kf6 29. Nf3 d3 30. Nh4 e4 31. f3 Rxh4 32. gxh4 Ne5 33. f4 Nc4 34. Kf2 Bh5 35. Rg1 d2 36. Rcd1 d4 37. exd4 e3+ 38. Kg3 Bxd1 39. Rxd1 e2 40. Rxd2 e1=Q+ 0-1


[Site "https://www.chess.com"]

[Event "Titled Tuesday Blitz August 31 2021"]
[White "Tokman, Ariel"]
[Black "Jaracz, Pawel"]
[WhiteFideId "117420"]
[BlackFideId "1102222"]
[WhiteElo "2491"]
[BlackElo "2683"]
[Result "0-1"]
[Round "08"]
[TimeControl "180+1"]
[Date "2021.08.31"]
[WhiteClock "0:00:07"]
[BlackClock "0:00:06"]

1. c4 e5 2. g3 Nf6 3. Bg2 c6 4. Nf3 e4 5. Nd4 Qb6 6. Nc2 d5 7. cxd5 cxd5 8. Nc3 Bc5 9. O-O Ng4 10. e3 Nf6 11. d3 Bg4 12. f3 exf3 13. Bxf3 Bxf3 14. Qxf3 Qe6 15. Nb5 Qd7 16. Nbd4 O-O 17. Nf5 Qd8 18. Bd2 Nbd7 19. Bc3 Re8 20. Qf4 Bf8 21. Qg5 Kh8 22. Rf3 Ne5 23. Bxe5 Rxe5 24. Qf4 Qe8 25. Raf1 Rc8 26. Ncd4 Nh5 27. Qh4 g6 28. g4 gxf5 29. Qxh5 fxg4 30. Rf5 Bg7 31. Kg2 Rxe3 32. Rxf7 Re5 33. Qxg4 Qg8 34. R1f2 Rce8 35. Ne2 Re3 36. Ng3 Be5 37. Qh4 Bxg3 38. hxg3 R3e6 39. R7f5 Rg6 40. Rh5 Qg7 41. Qf4 Rg8 42. Rh3 Rg4 43. Qf6 Qxf6 44. Rxf6 Rc8 45. Rf7 Rg7 46. Rf5 Rc2+ 47. Kf3 Rd7 48. Re5 Rxb2 49. Rhh5 Rb6 50. Rxd5 Rf6+ 51. Ke4 Rxd5 52. Rxd5 Rb6 53. Ra5 a6 54. a4 Rb4+ 55. d4 Rb6 56. d5 Kg7 57. Rc5 Kf6 58. Rc7 Rb4+ 59. Kf3 Rb3+ 60. Kf4 Rb4+ 61. Kf3 h5 62. a5 Ke5 63. Rd7 Rb5 64. Kg2 Rxd5 65. Rxb7 Rxa5 66. Kh3 Kd4 67. Kh4 Rb5 68. Ra7 a5 69. Ra8 Kc4 70. Rh8 Kb4 71. Rxh5 Rxh5+ 72. Kxh5 a4 73. g4 a3 74. g5 a2 75. g6 a1=Q 0-1


[Site "https://www.chess.com"]

[Event "Titled Tuesday Blitz August 31 2021"]
[White "Tomiello, Mateus Costamilan"]
[Black "Liyanage, Ranindu Dilshan"]
[WhiteFideId "22701958"]
[BlackFideId "9915834"]
[WhiteElo "1975"]
[BlackElo "1839"]
[Result "0-1"]
[Round "08"]
[TimeControl "180+1"]
[Date "2021.08.31"]
[WhiteClock "0:00:02"]
[BlackClock "0:00:17"]

1. e4 c5 2. Nf3 d6 3. d4 cxd4 4. Nxd4 Nf6 5. Nc3 a6 6. a3 g6 7. f3 Bg7 8. Be3 O-O 9. Qd2 Nc6 10. O-O-O Nxd4 11. Bxd4 Be6 12. h4 h5 13. g4 hxg4 14. h5 gxh5 15. Qg5 Re8 16. Bd3 Rc8 17. Rdg1 Bd7 18. fxg4 Bxg4 19. e5 dxe5 20. Bxe5 Rc5 21. Ne4 Qxd3 22. Nxc5 Qc4 23. Nd3 Rc8 24. Rh2 Qxd3 25. Rd2 Qg6 26. Qf4 Ne4 27. Rdg2 Bh6 0-1


[Site "https://www.chess.com"]

[Event "Titled Tuesday Blitz August 31 2021"]
[White "Tristan, Leonardo"]
[Black "De Silva, L M S T"]
[WhiteFideId "113816"]
[BlackFideId "9953698"]
[WhiteElo "2747"]
[BlackElo "2634"]
[Result "0-1"]
[Round "08"]
[TimeControl "180+1"]
[Date "2021.08.31"]
[WhiteClock "0:00:10"]
[BlackClock "0:01:22"]

1. d4 Nf6 2. Bf4 e6 3. e3 d5 4. Nf3 Bd6 5. Bd3 Bxf4 6. exf4 Qd6 7. Qd2 b6 8. O-O Ba6 9. Bxa6 Nxa6 10. Nc3 O-O 11. Rfe1 c5 12. Ne5 Nb8 13. Rad1 a6 14. Qe3 Nc6 15. dxc5 bxc5 16. Na4 Rac8 17. Nxc5 Nxe5 18. Nb7 Qc7 19. fxe5 Ng4 20. Qd4 Qxb7 21. Qxg4 Qxb2 22. Re3 Qxc2 23. Rg3 g6 24. Ra3 Rc4 25. Qf3 Rf4 26. Qd3 Qxf2+ 27. Kh1 Rc8 28. Qxa6 Rc2 29. Rg1 Qxg1+ 30. Kxg1 Rc1+ 31. Qf1 Rcxf1# 0-1


[Site "https://www.chess.com"]